COLUMBUS Blue Jackets vs OTTAWA Senators

Created - 4 avril 2019 at 15:56

Goals
1 2 3 T
COLUMBUS Blue Jackets 0 2 0 2
OTTAWA Senators 0 1 0 1
Shots
1 2 3 T
COLUMBUS Blue Jackets 12 10 16 38
OTTAWA Senators 5 10 5 20

1st period

No Goal

Penalties :
Noah Hanifin (OTT) for Hooking (Minor) at 16:56

2nd period

1. OTTAWA Senators , Jack Eichel 26 (Brandon Saad 30, Jon Merrill 10) at 3:13
2. COLUMBUS Blue Jackets , Andre Burakovsky 20 (Matt Benning 12, Casey Cizikas 28) at 7:36
3. COLUMBUS Blue Jackets , Artturi Lehkonen 15 (Matt Benning 13, Jori Lehtera 22) at 10:43

Penalties :
Alexander Wennberg (CLB) for Interference (Minor) at 17:32, Gabriel Landeskog (OTT) for High sticking (Minor) at 19:09, Jan Rutta (CLB) for Roughing (Minor) at 19:09

3rd period

No Goal

Penalties :
Jacob Trouba (OTT) for Hooking (Minor) at 2:07, Jacob Trouba (OTT) for Goalie Interference (Minor) at 11:19

Goalie Stats

Jonathan Bernier (CLB), 19 saves from 20 shots - (0,950), W, 7-9-7, 60:00 minutes
Tuukka Rask (OTT), 36 saves from 38 shots - (0,947), L, 38-22-6, 59:00 minutes

Players Stats for COLUMBUS Blue Jackets

Player Name              G  A  P  +/- PIM S  H  SB GA TA FO     MP     PP MP  PK MP  
------------------------------------------------------------------------------------
Alex Killorn             0  0  0   0  0   2  1  0  0  0  0/2    17:57   0:00   0:21 
Alexander Wennberg       0  0  0   0  2   2  0  0  0  0  22/38  21:44   3:41   0:00 
Andre Burakovsky         1  0  1   0  0   5  1  0  0  0  0/0    13:02   2:16   0:00 
Artturi Lehkonen         1  0  1   1  0   2  0  0  0  0  0/0     5:38   0:00   0:00 
Calvin de Haan           0  0  0   0  0   3  0  4  0  0  0/0    23:05   3:27   1:01 
Casey Cizikas            0  1  1   0  0   3  1  0  0  0  2/3    12:16   0:00   1:30 
Dmitry Kulikov           0  0  0   1  0   2  1  1  0  0  0/0    15:22   0:00   0:00 
Jan Rutta                0  0  0   0  2   1  1  0  0  0  0/0    21:24   2:30   0:49 
Joel Edmundson           0  0  0   0  0   3  1  1  0  0  0/0    23:05   3:27   1:01 
Jori Lehtera             0  1  1   1  0   2  3  1  0  0  7/18   16:24   0:00   0:00 
Loui Eriksson            0  0  0   0  0   7  0  0  0  0  0/1    21:24   3:41   1:16 
Matt Benning             0  2  2   1  0   1  2  1  0  0  0/0    15:02   0:00   0:08 
Michael Frolik           0  0  0   0  0   1  1  0  0  0  1/2    21:45   3:41   0:00 
Olli Maatta              0  0  0   0  0   0  0  2  0  0  0/0    22:01   2:30   0:58 
Richard Panik            0  0  0   0  0   1  0  0  0  0  0/1    19:52   2:16   0:00 
Trevor Lewis             0  0  0   1  0   0  1  0  0  0  0/0     5:38   0:00   0:00 
Valtteri Filppula        0  0  0   0  0   3  0  0  0  0  10/19  20:00   2:16   0:08 
Zemgus Girgensons        0  0  0   0  0   0  0  0  0  0  0/0     0:21   0:00   0:21 

Players Stats for OTTAWA Senators

Player Name              G  A  P  +/- PIM S  H  SB GA TA FO     MP     PP MP  PK MP  
------------------------------------------------------------------------------------
Brandon Saad             0  1  1   1  0   1  0  0  0  0  2/3    18:48   0:35   1:35 
Cody Ceci                0  0  0   0  0   1  1  4  0  0  0/0    19:12   0:01   2:08 
Connor McDavid           0  0  0  -2  0   2  0  1  0  0  15/20  20:42   1:02   1:35 
Derek Grant              0  0  0   0  0   0  1  0  0  0  2/6     4:56   0:00   0:00 
Dominik Simon            0  0  0   0  0   0  1  0  0  0  0/1     5:17   0:00   0:00 
Dylan Larkin             0  0  0  -2  0   6  1  0  0  0  7/16   22:22   1:02   4:22 
Gabriel Landeskog        0  0  0  -2  2   1  0  0  0  0  1/2    17:06   0:34   0:00 
Jack Eichel              1  0  1   1  0   3  0  0  0  0  7/17   15:05   0:00   0:00 
Jacob Trouba             0  0  0   0  4   1  1  0  0  0  0/0    21:18   0:00   1:21 
Jon Merrill              0  1  1  -1  0   0  0  1  0  0  0/0    16:45   0:52   1:28 
Keith Yandle             0  0  0   0  0   0  0  2  0  0  0/0    23:44   1:02   1:44 
Kenny Agostino           0  0  0   0  0   0  0  0  0  0  0/0     0:18   0:18   0:00 
Matt Nieto               0  0  0   0  0   0  1  1  0  0  0/1    18:38   0:01   4:17 
Nikolay Goldobin         0  0  0   0  0   1  1  0  0  0  1/2    13:33   0:00   0:00 
Noah Hanifin             0  0  0  -1  2   1  0  2  0  0  0/0    18:20   0:35   2:21 
Pavel Zacha              0  0  0   0  0   1  3  0  0  0  7/14   14:43   0:44   0:05 
Sami Vatanen             0  0  0   0  0   0  1  1  0  0  0/0    20:38   0:44   2:52 
Tobias Rieder            0  0  0   1  0   2  0  0  0  0  0/2    20:35   0:34   0:00 

3 Stars

1 - Tuukka Rask (OTT)
2 - Matt Benning (CLB)
3 - Artturi Lehkonen (CLB)

Power Play

COLUMBUS Blue Jackets - 0 on 3 Attempt(s) - 0,00%
OTTAWA Senators - 0 on 1 Attempt(s) - 0,00%

Penalty Kill

COLUMBUS Blue Jackets - 1 on 1 Attempt(s) - 100,00% - Score 0 goal in Penalty Kill
OTTAWA Senators - 3 on 3 Attempt(s) - 100,00% - Score 0 goal in Penalty Kill

Team Stat

COLUMBUS Blue Jackets - Hits : 13 - Faceoff Wins : 42 - Blocked Shots : 10 - Penalty Minutes : 4
OTTAWA Senators - Hits : 11 - Faceoff Wins : 42 - Blocked Shots : 12 - Penalty Minutes : 8

Official

Referees : Unknown
Linesman : Unknown

Game Notes

No Game Note

Finance

Level 1 -- Attendance: 5081 (74,68%) -- Ticket Income 508 100 $
Level 2 -- Attendance: 4219 (72,74%) -- Ticket Income 253 140 $
Level 3 -- Attendance: 2247 (56,18%) -- Ticket Income 78 645 $
Level 4 -- Attendance: 4329 (86,55%) -- Ticket Income 86 580 $
Luxury Box -- Attendance: 875 (82,94%) -- Ticket Income 175 000 $
Game was played at the Canadian Tire Centre.
Total Attendance: 16751 (73,92%)
Total Ticket Income: 1 101 465 $
Other Income: 429 571 $
Total Income: 1 531 036 $

COLUMBUS Blue Jackets

5 vs 5 Forward 
   Center                   Left Wing                Right Wing               Time % Phy DF OF 
 1 Alexander Wennberg       Michael Frolik           Loui Eriksson            40     1   2  2  
 2 Valtteri Filppula        Richard Panik            Alex Killorn             30     1   2  2  
 3 Jori Lehtera             Casey Cizikas            Andre Burakovsky         20     1   2  2  
 4 Jori Lehtera             Artturi Lehkonen         Trevor Lewis             10     1   2  2  

5 vs 5 Defense 
   Defense                  Defense                                           Time % Phy DF OF 
 1 Joel Edmundson           Calvin de Haan                                    40     1   2  2  
 2 Olli Maatta              Jan Rutta                                         30     1   2  2  
 3 Dmitry Kulikov           Matt Benning                                      20     1   2  2  
 4 Joel Edmundson           Calvin de Haan                                    10     1   2  2  

PowerPlay Forward 
   Center                   Left Wing                Right Wing               Time % Phy DF OF 
 1 Alexander Wennberg       Michael Frolik           Loui Eriksson            60     1   2  2  
 2 Valtteri Filppula        Richard Panik            Andre Burakovsky         40     1   2  2  

PowerPlay Defense
   Defense                  Defense                                           Time % Phy DF OF 
 1 Joel Edmundson           Calvin de Haan                                    60     1   2  2  
 2 Olli Maatta              Jan Rutta                                         40     1   2  2  

Penalty Kill 4 Players Forward 
   Center                   Wing                     Time % Phy DF OF 
 1 Casey Cizikas            Loui Eriksson            60     1   2  2  
 2 Alexander Wennberg       Alex Killorn             40     1   2  2  

Penalty Kill 4 Players Defense
   Defense                  Defense                  Time % Phy DF OF 
 1 Joel Edmundson           Calvin de Haan           60     1   2  2  
 2 Olli Maatta              Jan Rutta                40     1   2  2  

Penalty Kill - 3 Players Forward 
   Forward                                           Time % Phy DF OF 
 1 Casey Cizikas                                     60     1   2  2  
 2 Valtteri Filppula                                 40     1   2  2  

Penalty Kill - 3 Players Defense
   Defense                  Defense                  Time % Phy DF OF 
 1 Joel Edmundson           Calvin de Haan           60     1   2  2  
 2 Olli Maatta              Jan Rutta                40     1   2  2  

4 vs 4 Forward 
   Center                   Wing                     Time % Phy DF OF 
 1 Alexander Wennberg       Michael Frolik           60     1   2  2  
 2 Loui Eriksson            Richard Panik            40     1   2  2  

4 vs 4 Defense
   Defense                  Defense                  Time % Phy DF OF 
 1 Joel Edmundson           Calvin de Haan           60     1   2  2  
 2 Olli Maatta              Jan Rutta                40     1   2  2  

Last Minutes Offensive
   Center                   Left Wing                Right Wing               Defense                  Defense                  
   Alexander Wennberg       Michael Frolik           Loui Eriksson            Joel Edmundson           Calvin de Haan           

Last Minutes Defensive
   Center                   Left Wing                Right Wing               Defense                  Defense                  
   Alexander Wennberg       Michael Frolik           Loui Eriksson            Joel Edmundson           Calvin de Haan           

Goaltenders
Starting : Jonathan Bernier         
Backup : Mike Smith               

Extra Forwards
Normal : Zemgus Girgensons, Trevor Lewis, Casey Cizikas - PP : Zemgus Girgensons, Trevor Lewis - PK : Casey Cizikas
Extra Defensemen
Normal : Dmitry Kulikov, Matt Benning, Olli Maatta - PP : Dmitry Kulikov - PK : Matt Benning, Olli Maatta
Penalty Shots
Artturi Lehkonen, Andre Burakovsky, Richard Panik, Loui Eriksson, Trevor Lewis

OTTAWA Senators

5 vs 5 Forward 
   Center                   Left Wing                Right Wing               Time % Phy DF OF 
 1 Connor McDavid           Gabriel Landeskog        Dylan Larkin             40     1   2  2  
 2 Jack Eichel              Brandon Saad             Tobias Rieder            30     1   2  2  
 3 Pavel Zacha              Matt Nieto               Nikolay Goldobin         20     1   2  2  
 4 Derek Grant              Dominik Simon            Tobias Rieder            10     1   2  2  

5 vs 5 Defense 
   Defense                  Defense                                           Time % Phy DF OF 
 1 Jacob Trouba             Keith Yandle                                      40     1   2  2  
 2 Cody Ceci                Sami Vatanen                                      30     1   2  2  
 3 Jon Merrill              Noah Hanifin                                      20     1   2  2  
 4 Jon Merrill              Noah Hanifin                                      10     1   2  2  

PowerPlay Forward 
   Center                   Left Wing                Right Wing               Time % Phy DF OF 
 1 Connor McDavid           Pavel Zacha              Dylan Larkin             60     1   2  2  
 2 Matt Nieto               Brandon Saad             Gabriel Landeskog        40     1   2  2  

PowerPlay Defense
   Defense                  Defense                                           Time % Phy DF OF 
 1 Sami Vatanen             Keith Yandle                                      60     1   2  2  
 2 Cody Ceci                Noah Hanifin                                      40     1   2  2  

Penalty Kill 4 Players Forward 
   Center                   Wing                     Time % Phy DF OF 
 1 Dylan Larkin             Matt Nieto               60     1   2  2  
 2 Connor McDavid           Brandon Saad             40     1   2  2  

Penalty Kill 4 Players Defense
   Defense                  Defense                  Time % Phy DF OF 
 1 Noah Hanifin             Sami Vatanen             60     1   2  2  
 2 Cody Ceci                Keith Yandle             40     1   2  2  

Penalty Kill - 3 Players Forward 
   Forward                                           Time % Phy DF OF 
 1 Matt Nieto                                        60     1   2  2  
 2 Brandon Saad                                      40     1   2  2  

Penalty Kill - 3 Players Defense
   Defense                  Defense                  Time % Phy DF OF 
 1 Jacob Trouba             Cody Ceci                60     1   2  2  
 2 Sami Vatanen             Noah Hanifin             40     1   2  2  

4 vs 4 Forward 
   Center                   Wing                     Time % Phy DF OF 
 1 Brandon Saad             Connor McDavid           60     1   2  2  
 2 Matt Nieto               Dylan Larkin             40     1   2  2  

4 vs 4 Defense
   Defense                  Defense                  Time % Phy DF OF 
 1 Sami Vatanen             Keith Yandle             60     1   2  2  
 2 Cody Ceci                Noah Hanifin             40     1   2  2  

Last Minutes Offensive
   Center                   Left Wing                Right Wing               Defense                  Defense                  
   Connor McDavid           Gabriel Landeskog        Dylan Larkin             Cody Ceci                Keith Yandle             

Last Minutes Defensive
   Center                   Left Wing                Right Wing               Defense                  Defense                  
   Connor McDavid           Gabriel Landeskog        Dylan Larkin             Cody Ceci                Jacob Trouba             

Goaltenders
Starting : Tuukka Rask              
Backup : Jake Allen               

Extra Forwards
Normal : Connor McDavid, Matt Nieto, Pavel Zacha - PP : Nikolay Goldobin, Matt Nieto - PK : Pavel Zacha
Extra Defensemen
Normal : Sami Vatanen, Noah Hanifin, Cody Ceci - PP : Cody Ceci - PK : Noah Hanifin, Cody Ceci
Penalty Shots
Connor McDavid, Jack Eichel, Brandon Saad, Matt Nieto, Dylan Larkin


% Time on Ice - COLUMBUS Blue Jackets

Lines # - Real PCT - Wanted PCT - Time Play
Normal Forward
1 - 32% - 40% - 16:16
2 - 35% - 30% - 17:36
3 - 21% - 20% - 10:46
4 - 11% - 10% - 5:38
Normal Defense
1 - 31% - 40% - 15:48
2 - 36% - 30% - 18:05
3 - 30% - 20% - 14:54
4 - 3% - 10% - 1:29
PP Forward
1 - 62% - 60% - 3:41
2 - 38% - 40% - 2:16
PP Defense
1 - 58% - 60% - 3:27
2 - 42% - 40% - 2:30
PK Forward
1 - 78% - 60% - 1:16
2 - 22% - 40% - 0:21
PK Defense
1 - 48% - 60% - 0:47
2 - 52% - 40% - 0:50
PK3 Forward
1 - 64% - 60% - 0:14
2 - 36% - 40% - 0:08
PK3 Defense
1 - 64% - 60% - 0:14
2 - 36% - 40% - 0:08
44 Forward
1 - 100% - 60% - 1:37
2 - 0% - 40% - 0:00
44 Defense
1 - 71% - 60% - 1:09
2 - 29% - 40% - 0:28
Last Minute Offensive  - 0:00
Last Minute Defensive  - 0:11
Total
Forward - 60:00
Defense - 60:00

% Time on Ice - OTTAWA Senators

Lines # - Real PCT - Wanted PCT - Time Play
Normal Forward
1 - 33% - 40% - 16:32
2 - 30% - 30% - 15:05
3 - 27% - 20% - 13:33
4 - 10% - 10% - 4:56
Normal Defense
1 - 40% - 40% - 19:59
2 - 31% - 30% - 15:42
3 - 21% - 20% - 10:40
4 - 7% - 10% - 3:45
PP Forward
1 - 64% - 60% - 1:02
2 - 36% - 40% - 0:35
PP Defense
1 - 64% - 60% - 1:02
2 - 36% - 40% - 0:35
PK Forward
1 - 73% - 60% - 4:22
2 - 27% - 40% - 1:35
PK Defense
1 - 71% - 60% - 4:13
2 - 29% - 40% - 1:44
PK3 Forward
1 - 0% - 60%
2 - 0% - 40%
PK3 Defense
1 - 0% - 60%
2 - 0% - 40%
44 Forward
1 - 78% - 60% - 1:33
2 - 22% - 40% - 0:26
44 Defense
1 - 50% - 60% - 0:59
2 - 50% - 40% - 1:00
Last Minute Offensive  - 0:21
Last Minute Defensive  - 0:00
Total
Forward - 60:00
Defense - 60:00

Play-by-Play

1st period


0:01 of 1st period - Gabriel Landeskog wins face-off versus Alexander Wennberg in neutral zone.
0:04 of 1st period - Shot by Connor McDavid.
0:04 of 1st period - Stopped by Jonathan Bernier without a rebound.
0:05 of 1st period - Jack Eichel wins face-off versus Valtteri Filppula in COLUMBUS Blue Jackets zone.
0:12 of 1st period - Shot by Jack Eichel.
0:12 of 1st period - Shot Misses the Net.
0:14 of 1st period - Shot by Brandon Saad.
0:14 of 1st period - Shot Misses the Net.
0:20 of 1st period - Tobias Rieder is hit by Alex Killorn and loses puck.
0:46 of 1st period - Icing by Brandon Saad.
0:47 of 1st period - Alexander Wennberg wins face-off versus Jack Eichel in OTTAWA Senators zone.
1:58 of 1st period - Shot by Casey Cizikas.
1:58 of 1st period - Stopped by Tuukka Rask without a rebound.
1:59 of 1st period - Pavel Zacha wins face-off versus Alex Killorn in OTTAWA Senators zone.
2:28 of 1st period - Shot by Alex Killorn.
2:28 of 1st period - Stopped by Tuukka Rask without a rebound.
2:29 of 1st period - Connor McDavid wins face-off versus Jori Lehtera in OTTAWA Senators zone.
3:11 of 1st period - Shot by Connor McDavid.
3:11 of 1st period - Deflect By Dylan Larkin.
3:11 of 1st period - Stopped by Jonathan Bernier without a rebound.
3:12 of 1st period - Michael Frolik wins face-off versus Dominik Simon in COLUMBUS Blue Jackets zone.
3:14 of 1st period - Joel Edmundson is hit by Dominik Simon and loses puck.
3:41 of 1st period - Shot by Loui Eriksson.
3:41 of 1st period - Stopped by Tuukka Rask with a rebound.
3:44 of 1st period - Icing by Jon Merrill.
3:45 of 1st period - Valtteri Filppula wins face-off versus Derek Grant in OTTAWA Senators zone.
3:52 of 1st period - Shot by Richard Panik.
3:52 of 1st period - Stopped by Tuukka Rask with a rebound.
3:54 of 1st period - Shot by Alex Killorn.
3:54 of 1st period - Shot Misses the Net.
3:56 of 1st period - Shot by Olli Maatta.
3:56 of 1st period - Shot Misses the Net.
4:22 of 1st period - Shot by Jan Rutta.
4:22 of 1st period - Stopped by Tuukka Rask with a rebound.
4:30 of 1st period - Shot by Matt Nieto.
4:30 of 1st period - Shot Blocked by Olli Maatta.
4:36 of 1st period - Shot by Nikolay Goldobin.
4:36 of 1st period - Deflect By Pavel Zacha.
4:36 of 1st period - Stopped by Jonathan Bernier without a rebound.
4:37 of 1st period - Connor McDavid wins face-off versus Jori Lehtera in COLUMBUS Blue Jackets zone.
4:37 of 1st period - Dylan Larkin is hit by Joel Edmundson and loses puck.
4:52 of 1st period - Shot by Joel Edmundson.
4:52 of 1st period - Shot Blocked by Sami Vatanen.
4:54 of 1st period - Shot by Calvin de Haan.
4:54 of 1st period - Stopped by Tuukka Rask with a rebound.
5:14 of 1st period - Shot by Andre Burakovsky.
5:14 of 1st period - Shot Misses the Net.
5:16 of 1st period - Shot by Andre Burakovsky.
5:16 of 1st period - Stopped by Tuukka Rask with a rebound.
6:02 of 1st period - Shot by Jack Eichel.
6:02 of 1st period - Shot Misses the Net.
6:42 of 1st period - Shot by Valtteri Filppula.
6:42 of 1st period - Shot Blocked by Keith Yandle.
6:46 of 1st period - Shot by Jan Rutta.
6:46 of 1st period - Shot Misses the Net.
6:48 of 1st period - Shot by Valtteri Filppula.
6:48 of 1st period - Shot Misses the Net.
6:50 of 1st period - Shot by Jan Rutta.
6:50 of 1st period - Shot Misses the Net.
6:52 of 1st period - Shot by Olli Maatta.
6:52 of 1st period - Shot Misses the Net.
8:07 of 1st period - Icing by Matt Benning.
8:08 of 1st period - Alexander Wennberg wins face-off versus Connor McDavid in COLUMBUS Blue Jackets zone.
9:08 of 1st period - Shot by Alex Killorn.
9:08 of 1st period - Stopped by Tuukka Rask with a rebound.
9:10 of 1st period - Shot by Valtteri Filppula.
9:10 of 1st period - Shot Blocked by Cody Ceci.
9:26 of 1st period - Icing by Jori Lehtera.
9:27 of 1st period - Jori Lehtera wins face-off versus Jack Eichel in COLUMBUS Blue Jackets zone.
9:58 of 1st period - Shot by Andre Burakovsky.
9:58 of 1st period - Stopped by Tuukka Rask without a rebound.
9:59 of 1st period - Derek Grant wins face-off versus Alexander Wennberg in OTTAWA Senators zone.
9:59 of 1st period - Derek Grant is hit by Michael Frolik.
10:14 of 1st period - Icing by Alexander Wennberg.
10:15 of 1st period - Alexander Wennberg wins face-off versus Pavel Zacha in COLUMBUS Blue Jackets zone.
10:47 of 1st period - Shot by Dmitry Kulikov.
10:47 of 1st period - Shot Misses the Net.
10:49 of 1st period - Shot by Loui Eriksson.
10:49 of 1st period - Stopped by Tuukka Rask without a rebound.
10:50 of 1st period - Dylan Larkin wins face-off versus Jori Lehtera in OTTAWA Senators zone.
10:50 of 1st period - Connor McDavid is hit by Andre Burakovsky and loses puck.
12:31 of 1st period - Off-side.
12:32 of 1st period - Jack Eichel wins face-off versus Alexander Wennberg in neutral zone.
13:05 of 1st period - Shot by Loui Eriksson.
13:05 of 1st period - Stopped by Tuukka Rask without a rebound.
13:06 of 1st period - Pavel Zacha wins face-off versus Jori Lehtera in OTTAWA Senators zone.
14:02 of 1st period - Icing by Jan Rutta.
14:03 of 1st period - Jack Eichel wins face-off versus Valtteri Filppula in COLUMBUS Blue Jackets zone.
14:08 of 1st period - Shot by Tobias Rieder.
14:08 of 1st period - Shot Misses the Net.
14:10 of 1st period - Shot by Brandon Saad.
14:10 of 1st period - Shot Misses the Net.
14:12 of 1st period - Shot by Jack Eichel.
14:12 of 1st period - Stopped by Jonathan Bernier without a rebound.
14:13 of 1st period - Jack Eichel wins face-off versus Alexander Wennberg in COLUMBUS Blue Jackets zone.
14:20 of 1st period - Shot by Jack Eichel.
14:20 of 1st period - Stopped by Jonathan Bernier without a rebound.
14:21 of 1st period - Connor McDavid wins face-off versus Alexander Wennberg in COLUMBUS Blue Jackets zone.
14:55 of 1st period - Loui Eriksson is hit by Dylan Larkin and loses puck.
15:15 of 1st period - Icing by Olli Maatta.
15:16 of 1st period - Alexander Wennberg wins face-off versus Jack Eichel in COLUMBUS Blue Jackets zone.
16:10 of 1st period - Jack Eichel is hit by Casey Cizikas and loses puck.
16:37 of 1st period - Matt Benning is hit by Pavel Zacha.
16:51 of 1st period - Shot by Richard Panik.
16:51 of 1st period - Shot Misses the Net.
16:56 of 1st period - Minor Penalty to Noah Hanifin for Hooking.
16:57 of 1st period - Dylan Larkin wins face-off versus Alexander Wennberg in OTTAWA Senators zone.
17:03 of 1st period - Icing by Olli Maatta.
17:04 of 1st period - Alexander Wennberg wins face-off versus Dylan Larkin in COLUMBUS Blue Jackets zone.
18:53 of 1st period - Shot by Loui Eriksson.
18:53 of 1st period - Deflect By Michael Frolik.
18:53 of 1st period - Shot Misses the Net.
18:55 of 1st period - Shot by Michael Frolik.
18:55 of 1st period - Stopped by Tuukka Rask without a rebound.
18:56 of 1st period - Derek Grant wins face-off versus Jori Lehtera in OTTAWA Senators zone.
18:56 of 1st period - Derek Grant is hit by Trevor Lewis.
19:21 of 1st period - Matt Benning is hit by Derek Grant and loses puck.
19:31 of 1st period - Sami Vatanen is hit by Matt Benning and loses puck.
Goals for this period are 0 for COLUMBUS Blue Jackets vs 0 for OTTAWA Senators.
Shots for this period are 12 for COLUMBUS Blue Jackets vs 5 for OTTAWA Senators.

2nd period


0:01 of 2nd period - Connor McDavid wins face-off versus Alexander Wennberg in neutral zone.
0:04 of 2nd period - Shot by Gabriel Landeskog.
0:04 of 2nd period - Shot Blocked by Calvin de Haan.
0:06 of 2nd period - Shot by Keith Yandle.
0:06 of 2nd period - Shot Misses the Net.
0:08 of 2nd period - Shot by Dylan Larkin.
0:08 of 2nd period - Stopped by Jonathan Bernier without a rebound.
0:09 of 2nd period - Connor McDavid wins face-off versus Alexander Wennberg in COLUMBUS Blue Jackets zone.
0:12 of 2nd period - Shot by Connor McDavid.
0:12 of 2nd period - Shot Misses the Net.
0:14 of 2nd period - Shot by Gabriel Landeskog.
0:14 of 2nd period - Stopped by Jonathan Bernier with a rebound.
0:26 of 2nd period - Shot by Loui Eriksson.
0:26 of 2nd period - Stopped by Tuukka Rask without a rebound.
0:27 of 2nd period - Valtteri Filppula wins face-off versus Tobias Rieder in OTTAWA Senators zone.
0:53 of 2nd period - Icing by Richard Panik.
0:54 of 2nd period - Connor McDavid wins face-off versus Valtteri Filppula in COLUMBUS Blue Jackets zone.
1:25 of 2nd period - Shot by Gabriel Landeskog.
1:25 of 2nd period - Shot Misses the Net.
1:49 of 2nd period - Shot by Calvin de Haan.
1:49 of 2nd period - Shot Misses the Net.
2:03 of 2nd period - Shot by Alexander Wennberg.
2:03 of 2nd period - Stopped by Tuukka Rask without a rebound.
2:04 of 2nd period - Jori Lehtera wins face-off versus Jack Eichel in OTTAWA Senators zone.
2:07 of 2nd period - Shot by Casey Cizikas.
2:07 of 2nd period - Shot Blocked by Jon Merrill.
2:09 of 2nd period - Shot by Dmitry Kulikov.
2:09 of 2nd period - Stopped by Tuukka Rask with a rebound.
2:15 of 2nd period - Shot by Andre Burakovsky.
2:15 of 2nd period - Shot Misses the Net.
2:17 of 2nd period - Shot by Casey Cizikas.
2:17 of 2nd period - Stopped by Tuukka Rask without a rebound.
2:18 of 2nd period - Alexander Wennberg wins face-off versus Nikolay Goldobin in OTTAWA Senators zone.
2:29 of 2nd period - Shot by Loui Eriksson.
2:29 of 2nd period - Shot Blocked by Cody Ceci.
2:31 of 2nd period - Shot by Alexander Wennberg.
2:31 of 2nd period - Stopped by Tuukka Rask without a rebound.
2:32 of 2nd period - Jori Lehtera wins face-off versus Jack Eichel in OTTAWA Senators zone.
3:01 of 2nd period - Shot by Tobias Rieder.
3:01 of 2nd period - Shot Blocked by Matt Benning.
3:03 of 2nd period - Shot by Brandon Saad.
3:03 of 2nd period - Shot Misses the Net.
3:05 of 2nd period - Shot by Tobias Rieder.
3:05 of 2nd period - Shot Misses the Net.
3:07 of 2nd period - Shot by Jack Eichel.
3:07 of 2nd period - Shot Blocked by Jori Lehtera.
3:09 of 2nd period - Shot by Jon Merrill.
3:09 of 2nd period - Shot Misses the Net.
3:11 of 2nd period - Shot by Brandon Saad.
3:11 of 2nd period - Shot Misses the Net.
3:13 of 2nd period - Shot by Jack Eichel.
3:13 of 2nd period - Goal by Jack Eichel - COLUMBUS Blue Jackets : 0 - OTTAWA Senators : 1.
3:14 of 2nd period - Connor McDavid wins face-off versus Alexander Wennberg in neutral zone.
3:29 of 2nd period - Shot by Connor McDavid.
3:29 of 2nd period - Deflect By Dylan Larkin.
3:29 of 2nd period - Shot Misses the Net.
3:31 of 2nd period - Shot by Jacob Trouba.
3:31 of 2nd period - Stopped by Jonathan Bernier without a rebound.
3:32 of 2nd period - Pavel Zacha wins face-off versus Richard Panik in COLUMBUS Blue Jackets zone.
4:23 of 2nd period - Icing by Alex Killorn.
4:24 of 2nd period - Valtteri Filppula wins face-off versus Connor McDavid in COLUMBUS Blue Jackets zone.
5:14 of 2nd period - Joel Edmundson is hit by Jacob Trouba and loses puck.
5:43 of 2nd period - Shot by Casey Cizikas.
5:43 of 2nd period - Deflect By Jori Lehtera.
5:43 of 2nd period - Shot Misses the Net.
6:20 of 2nd period - Icing by Olli Maatta.
6:21 of 2nd period - Pavel Zacha wins face-off versus Valtteri Filppula in COLUMBUS Blue Jackets zone.
6:38 of 2nd period - Shot by Olli Maatta.
6:38 of 2nd period - Shot Blocked by Cody Ceci.
7:00 of 2nd period - Shot by Sami Vatanen.
7:00 of 2nd period - Shot Blocked by Calvin de Haan.
7:02 of 2nd period - Shot by Matt Nieto.
7:02 of 2nd period - Shot Blocked by Calvin de Haan.
7:20 of 2nd period - Shot by Tobias Rieder.
7:20 of 2nd period - Stopped by Jonathan Bernier without a rebound.
7:21 of 2nd period - Jori Lehtera wins face-off versus Gabriel Landeskog in COLUMBUS Blue Jackets zone.
7:32 of 2nd period - Shot by Andre Burakovsky.
7:32 of 2nd period - Shot Blocked by Connor McDavid.
7:34 of 2nd period - Shot by Andre Burakovsky.
7:34 of 2nd period - Shot Misses the Net.
7:36 of 2nd period - Shot by Andre Burakovsky.
7:36 of 2nd period - Goal by Andre Burakovsky - COLUMBUS Blue Jackets : 1 - OTTAWA Senators : 1.
7:37 of 2nd period - Jack Eichel wins face-off versus Alexander Wennberg in neutral zone.
7:58 of 2nd period - Shot by Joel Edmundson.
7:58 of 2nd period - Stopped by Tuukka Rask without a rebound.
7:59 of 2nd period - Jori Lehtera wins face-off versus Connor McDavid in OTTAWA Senators zone.
8:22 of 2nd period - Shot by Connor McDavid.
8:22 of 2nd period - Shot Misses the Net.
8:24 of 2nd period - Shot by Noah Hanifin.
8:24 of 2nd period - Stopped by Jonathan Bernier without a rebound.
8:25 of 2nd period - Alexander Wennberg wins face-off versus Jack Eichel in COLUMBUS Blue Jackets zone.
10:22 of 2nd period - Icing by Jon Merrill.
10:23 of 2nd period - Connor McDavid wins face-off versus Jori Lehtera in OTTAWA Senators zone.
10:23 of 2nd period - Connor McDavid is hit by Jori Lehtera.
10:43 of 2nd period - Shot by Artturi Lehkonen.
10:43 of 2nd period - Goal by Artturi Lehkonen - COLUMBUS Blue Jackets : 2 - OTTAWA Senators : 1.
10:44 of 2nd period - Nikolay Goldobin wins face-off versus Alexander Wennberg in neutral zone.
11:11 of 2nd period - Shot by Pavel Zacha.
11:11 of 2nd period - Shot Blocked by Joel Edmundson.
11:39 of 2nd period - Shot by Casey Cizikas.
11:39 of 2nd period - Shot Misses the Net.
12:13 of 2nd period - Shot by Casey Cizikas.
12:13 of 2nd period - Stopped by Tuukka Rask without a rebound.
12:14 of 2nd period - Connor McDavid wins face-off versus Alex Killorn in OTTAWA Senators zone.
12:27 of 2nd period - Shot by Gabriel Landeskog.
12:27 of 2nd period - Shot Misses the Net.
12:29 of 2nd period - Shot by Dylan Larkin.
12:29 of 2nd period - Stopped by Jonathan Bernier without a rebound.
12:30 of 2nd period - Alexander Wennberg wins face-off versus Derek Grant in COLUMBUS Blue Jackets zone.
12:37 of 2nd period - Icing by Keith Yandle.
12:38 of 2nd period - Valtteri Filppula wins face-off versus Derek Grant in OTTAWA Senators zone.
12:56 of 2nd period - Shot by Derek Grant.
12:56 of 2nd period - Shot Blocked by Olli Maatta.
13:59 of 2nd period - Shot by Connor McDavid.
13:59 of 2nd period - Shot Misses the Net.
14:22 of 2nd period - Off-side.
14:23 of 2nd period - Pavel Zacha wins face-off versus Jori Lehtera in neutral zone.
14:50 of 2nd period - Shot by Jori Lehtera.
14:50 of 2nd period - Shot Blocked by Cody Ceci.
14:52 of 2nd period - Shot by Dmitry Kulikov.
14:52 of 2nd period - Stopped by Tuukka Rask without a rebound.
14:53 of 2nd period - Alexander Wennberg wins face-off versus Jack Eichel in OTTAWA Senators zone.
15:24 of 2nd period - Shot by Loui Eriksson.
15:24 of 2nd period - Shot Blocked by Keith Yandle.
15:54 of 2nd period - Shot by Connor McDavid.
15:54 of 2nd period - Stopped by Jonathan Bernier without a rebound.
15:55 of 2nd period - Jori Lehtera wins face-off versus Pavel Zacha in COLUMBUS Blue Jackets zone.
16:20 of 2nd period - Andre Burakovsky is hit by Cody Ceci and loses puck.
16:29 of 2nd period - Dmitry Kulikov is hit by Matt Nieto and loses puck.
17:13 of 2nd period - Icing by Sami Vatanen.
17:14 of 2nd period - Alexander Wennberg wins face-off versus Pavel Zacha in OTTAWA Senators zone.
17:32 of 2nd period - Minor Penalty to Alexander Wennberg for Interference.
17:33 of 2nd period - Connor McDavid wins face-off versus Casey Cizikas in COLUMBUS Blue Jackets zone.
17:50 of 2nd period - Shot by Dylan Larkin.
17:50 of 2nd period - Stopped by Jonathan Bernier without a rebound.
17:51 of 2nd period - Casey Cizikas wins face-off versus Tobias Rieder in COLUMBUS Blue Jackets zone.
18:13 of 2nd period - Shot by Gabriel Landeskog.
18:13 of 2nd period - Deflect By Brandon Saad.
18:13 of 2nd period - Shot Misses the Net.
18:24 of 2nd period - Off-side.
18:25 of 2nd period - Casey Cizikas wins face-off versus Connor McDavid in neutral zone.
19:03 of 2nd period - Olli Maatta is hit by Pavel Zacha and loses puck.
19:09 of 2nd period - Minor Penalty to Gabriel Landeskog for High sticking.
19:09 of 2nd period - Minor Penalty to Jan Rutta for Roughing.
19:10 of 2nd period - Brandon Saad wins face-off versus Valtteri Filppula in COLUMBUS Blue Jackets zone.
19:29 of 2nd period - Shot by Brandon Saad.
19:29 of 2nd period - Deflect By Connor McDavid.
19:29 of 2nd period - Shot Misses the Net.
19:31 of 2nd period - Shot by Cody Ceci.
19:31 of 2nd period - Stopped by Jonathan Bernier with a rebound.
19:47 of 2nd period - Shot by Brandon Saad.
19:47 of 2nd period - Shot Misses the Net.
Goals for this period are 2 for COLUMBUS Blue Jackets vs 1 for OTTAWA Senators.
Shots for this period are 10 for COLUMBUS Blue Jackets vs 10 for OTTAWA Senators.

3rd period


0:01 of 3rd period - Alexander Wennberg wins face-off versus Brandon Saad in neutral zone.
1:32 of 3rd period - Shot by Casey Cizikas.
1:32 of 3rd period - Deflect By Andre Burakovsky.
1:32 of 3rd period - Shot Misses the Net.
1:34 of 3rd period - Shot by Andre Burakovsky.
1:34 of 3rd period - Stopped by Tuukka Rask with a rebound.
1:36 of 3rd period - Shot by Casey Cizikas.
1:36 of 3rd period - Deflect By Andre Burakovsky.
1:36 of 3rd period - Stopped by Tuukka Rask without a rebound.
1:37 of 3rd period - Valtteri Filppula wins face-off versus Pavel Zacha in OTTAWA Senators zone.
1:42 of 3rd period - Shot by Valtteri Filppula.
1:42 of 3rd period - Stopped by Tuukka Rask with a rebound.
2:00 of 3rd period - Shot by Valtteri Filppula.
2:00 of 3rd period - Shot Misses the Net.
2:07 of 3rd period - Minor Penalty to Jacob Trouba for Hooking.
2:08 of 3rd period - Dylan Larkin wins face-off versus Alexander Wennberg in OTTAWA Senators zone.
2:15 of 3rd period - Icing by Olli Maatta.
2:16 of 3rd period - Dylan Larkin wins face-off versus Michael Frolik in COLUMBUS Blue Jackets zone.
2:21 of 3rd period - Shot by Dylan Larkin.
2:21 of 3rd period - Stopped by Jonathan Bernier without a rebound.
2:22 of 3rd period - Valtteri Filppula wins face-off versus Dylan Larkin in COLUMBUS Blue Jackets zone.
2:26 of 3rd period - Icing by Valtteri Filppula.
2:27 of 3rd period - Dylan Larkin wins face-off versus Valtteri Filppula in COLUMBUS Blue Jackets zone.
2:51 of 3rd period - Valtteri Filppula is hit by Sami Vatanen and loses puck.
3:41 of 3rd period - Icing by Olli Maatta.
3:42 of 3rd period - Alexander Wennberg wins face-off versus Dylan Larkin in COLUMBUS Blue Jackets zone.
3:51 of 3rd period - Shot by Loui Eriksson.
3:51 of 3rd period - Stopped by Tuukka Rask without a rebound.
3:52 of 3rd period - Brandon Saad wins face-off versus Valtteri Filppula in OTTAWA Senators zone.
4:09 of 3rd period - Shot by Brandon Saad.
4:09 of 3rd period - Stopped by Jonathan Bernier without a rebound.
4:10 of 3rd period - Jack Eichel wins face-off versus Jori Lehtera in COLUMBUS Blue Jackets zone.
4:17 of 3rd period - Shot by Brandon Saad.
4:17 of 3rd period - Shot Misses the Net.
4:27 of 3rd period - Shot by Tobias Rieder.
4:27 of 3rd period - Shot Misses the Net.
5:37 of 3rd period - Shot by Loui Eriksson.
5:37 of 3rd period - Stopped by Tuukka Rask without a rebound.
5:38 of 3rd period - Valtteri Filppula wins face-off versus Pavel Zacha in OTTAWA Senators zone.
5:49 of 3rd period - Alex Killorn is hit by Nikolay Goldobin and loses puck.
6:18 of 3rd period - Shot by Pavel Zacha.
6:18 of 3rd period - Shot Misses the Net.
6:31 of 3rd period - Icing by Jan Rutta.
6:32 of 3rd period - Valtteri Filppula wins face-off versus Jack Eichel in COLUMBUS Blue Jackets zone.
7:20 of 3rd period - Shot by Loui Eriksson.
7:20 of 3rd period - Shot Misses the Net.
7:39 of 3rd period - Shot by Jori Lehtera.
7:39 of 3rd period - Shot Blocked by Noah Hanifin.
7:41 of 3rd period - Shot by Jori Lehtera.
7:41 of 3rd period - Stopped by Tuukka Rask without a rebound.
7:42 of 3rd period - Connor McDavid wins face-off versus Jori Lehtera in OTTAWA Senators zone.
7:42 of 3rd period - Keith Yandle is hit by Jori Lehtera and loses puck.
8:00 of 3rd period - Shot by Jori Lehtera.
8:00 of 3rd period - Stopped by Tuukka Rask with a rebound.
10:01 of 3rd period - Shot by Jack Eichel.
10:01 of 3rd period - Deflect By Brandon Saad.
10:01 of 3rd period - Shot Blocked by Calvin de Haan.
10:03 of 3rd period - Shot by Tobias Rieder.
10:03 of 3rd period - Stopped by Jonathan Bernier without a rebound.
10:04 of 3rd period - Jori Lehtera wins face-off versus Derek Grant in COLUMBUS Blue Jackets zone.
10:17 of 3rd period - Shot by Matt Benning.
10:17 of 3rd period - Stopped by Tuukka Rask without a rebound.
10:18 of 3rd period - Valtteri Filppula wins face-off versus Jack Eichel in OTTAWA Senators zone.
10:29 of 3rd period - Shot by Alex Killorn.
10:29 of 3rd period - Shot Misses the Net.
10:55 of 3rd period - Jack Eichel is hit by Jan Rutta and loses puck.
11:19 of 3rd period - Minor Penalty to Jacob Trouba for Goalie Interference.
11:20 of 3rd period - Dylan Larkin wins face-off versus Alexander Wennberg in OTTAWA Senators zone.
11:35 of 3rd period - Icing by Alexander Wennberg.
11:36 of 3rd period - Alexander Wennberg wins face-off versus Dylan Larkin in COLUMBUS Blue Jackets zone.
11:38 of 3rd period - Icing by Michael Frolik.
11:39 of 3rd period - Alexander Wennberg wins face-off versus Dylan Larkin in COLUMBUS Blue Jackets zone.
11:44 of 3rd period - Shot by Calvin de Haan.
11:44 of 3rd period - Stopped by Tuukka Rask without a rebound.
11:45 of 3rd period - Alexander Wennberg wins face-off versus Dylan Larkin in OTTAWA Senators zone.
11:46 of 3rd period - Shot by Joel Edmundson.
11:46 of 3rd period - Stopped by Tuukka Rask without a rebound.
11:47 of 3rd period - Alexander Wennberg wins face-off versus Dylan Larkin in OTTAWA Senators zone.
11:48 of 3rd period - Shot by Michael Frolik.
11:48 of 3rd period - Shot Blocked by Matt Nieto.
11:50 of 3rd period - Shot by Calvin de Haan.
11:50 of 3rd period - Shot Misses the Net.
11:52 of 3rd period - Shot by Joel Edmundson.
11:52 of 3rd period - Stopped by Tuukka Rask without a rebound.
11:53 of 3rd period - Alexander Wennberg wins face-off versus Dylan Larkin in OTTAWA Senators zone.
12:10 of 3rd period - Shot by Loui Eriksson.
12:10 of 3rd period - Shot Blocked by Noah Hanifin.
12:12 of 3rd period - Shot by Joel Edmundson.
12:12 of 3rd period - Shot Misses the Net.
12:14 of 3rd period - Shot by Calvin de Haan.
12:14 of 3rd period - Stopped by Tuukka Rask without a rebound.
12:15 of 3rd period - Dylan Larkin wins face-off versus Valtteri Filppula in OTTAWA Senators zone.
12:32 of 3rd period - Shot by Andre Burakovsky.
12:32 of 3rd period - Shot Misses the Net.
12:34 of 3rd period - Shot by Olli Maatta.
12:34 of 3rd period - Shot Misses the Net.
12:36 of 3rd period - Shot by Olli Maatta.
12:36 of 3rd period - Shot Misses the Net.
12:38 of 3rd period - Shot by Valtteri Filppula.
12:38 of 3rd period - Stopped by Tuukka Rask without a rebound.
12:39 of 3rd period - Alexander Wennberg wins face-off versus Matt Nieto in OTTAWA Senators zone.
12:46 of 3rd period - Shot by Loui Eriksson.
12:46 of 3rd period - Stopped by Tuukka Rask without a rebound.
12:47 of 3rd period - Alexander Wennberg wins face-off versus Dylan Larkin in OTTAWA Senators zone.
13:08 of 3rd period - Icing by Calvin de Haan.
13:09 of 3rd period - Connor McDavid wins face-off versus Loui Eriksson in COLUMBUS Blue Jackets zone.
13:22 of 3rd period - Shot by Jacob Trouba.
13:22 of 3rd period - Shot Misses the Net.
14:26 of 3rd period - Shot by Connor McDavid.
14:26 of 3rd period - Shot Misses the Net.
14:28 of 3rd period - Shot by Connor McDavid.
14:28 of 3rd period - Shot Misses the Net.
14:30 of 3rd period - Shot by Dylan Larkin.
14:30 of 3rd period - Stopped by Jonathan Bernier without a rebound.
14:31 of 3rd period - Pavel Zacha wins face-off versus Alexander Wennberg in COLUMBUS Blue Jackets zone.
14:32 of 3rd period - Shot by Nikolay Goldobin.
14:32 of 3rd period - Stopped by Jonathan Bernier without a rebound.
14:33 of 3rd period - Alexander Wennberg wins face-off versus Pavel Zacha in COLUMBUS Blue Jackets zone.
15:23 of 3rd period - Icing by Sami Vatanen.
15:24 of 3rd period - Pavel Zacha wins face-off versus Valtteri Filppula in OTTAWA Senators zone.
15:40 of 3rd period - Shot by Valtteri Filppula.
15:40 of 3rd period - Stopped by Tuukka Rask without a rebound.
15:41 of 3rd period - Connor McDavid wins face-off versus Jori Lehtera in OTTAWA Senators zone.
15:41 of 3rd period - Gabriel Landeskog is hit by Jori Lehtera and loses puck.
15:48 of 3rd period - Shot by Trevor Lewis.
15:48 of 3rd period - Deflect By Artturi Lehkonen.
15:48 of 3rd period - Stopped by Tuukka Rask without a rebound.
15:49 of 3rd period - Valtteri Filppula wins face-off versus Connor McDavid in OTTAWA Senators zone.
16:22 of 3rd period - Icing by Jacob Trouba.
16:23 of 3rd period - Connor McDavid wins face-off versus Alexander Wennberg in OTTAWA Senators zone.
16:25 of 3rd period - Icing by Keith Yandle.
16:26 of 3rd period - Connor McDavid wins face-off versus Alexander Wennberg in OTTAWA Senators zone.
17:04 of 3rd period - Icing by Joel Edmundson.
17:05 of 3rd period - Alexander Wennberg wins face-off versus Jack Eichel in COLUMBUS Blue Jackets zone.
17:17 of 3rd period - Icing by Alexander Wennberg.
17:18 of 3rd period - Alexander Wennberg wins face-off versus Pavel Zacha in COLUMBUS Blue Jackets zone.
17:18 of 3rd period - Alexander Wennberg is hit by Pavel Zacha.
17:23 of 3rd period - Off-side.
17:24 of 3rd period - Jack Eichel wins face-off versus Jori Lehtera in neutral zone.
19:00 of 3rd period - OTTAWA Senators, Tuukka Rask is pulled from the net.
19:08 of 3rd period - Shot by Gabriel Landeskog.
19:08 of 3rd period - Shot Misses the Net.
19:15 of 3rd period - Gabriel Landeskog is hit by Dmitry Kulikov and loses puck.
19:20 of 3rd period - Shot by Connor McDavid.
19:20 of 3rd period - Shot Blocked by Dmitry Kulikov.
19:22 of 3rd period - Shot by Keith Yandle.
19:22 of 3rd period - Shot Misses the Net.
19:29 of 3rd period - Gabriel Landeskog is hit by Matt Benning and loses puck.
Goals for this period are 0 for COLUMBUS Blue Jackets vs 0 for OTTAWA Senators.
Shots for this period are 16 for COLUMBUS Blue Jackets vs 5 for OTTAWA Senators.